 Dungeon Crawl Stone Soup version 0.30-a0-840-ga523dec638 (webtiles) character file.

Game seed: 10438096046552644191

43718 qeuew the Fighter (level 13, -10/97 (103) HPs)
             Began as a Demonspawn Chaos Knight on Mar 1, 2023.
             Was a Plaything of Xom.
             Mangled by a skyshark (11 damage)
             ... on level 4 of the Lair of Beasts.
             The game lasted 00:16:34 (10944 turns).

qeuew the Fighter (Demonspawn Chaos Knight)        Turns: 10944, Time: 00:16:35

HP:   -10/97 (103)  AC: 16    Str: 15    XL:     13   Next: 92%
MP:   13/13         EV: 13    Int: 13    God:    Xom [......]
Gold: 502           SH:  0    Dex: 15    Spells: 12/12 levels left

rFire   + + +      SeeInvis .    t - +5 flail "Addacsit" {freeze, rF+ Str+3}
rCold   + . .      Faith    .    v - +8 tower shield of Wusun {rCorr}
rNeg    + . .      Spirit   .    b - +3 leather armour
rPois   .          Reflect  .    (helmet restricted)
rElec   .          Harm     .    f - scarf {rC+ rF+}
rCorr   +          Rampage  .    e - +4 pair of gloves "Cokhlyr" {rN+ Regen+ Slay+2}
Will    .....                    (no boots)
Stlth   +                        (no amulet)
HPRegen 1.16/turn                j - +4 ring of protection
MPRegen 0.13/turn                k - ring of protection from fire

@: confused, lethally poisoned (-10 -> -11), drained
A: large bone plates 2, foul stench 1, powered by pain 3, weakness stinger 2,
antennae 1, talons 1, fire resistance 1, screaming 1, weak 2, wild magic 1,
MP-powered wands, noise suppression
a: Renounce Religion


You were on level 4 of the Lair of Beasts.
You worshipped Xom.
You were a very special plaything of Xom.
You visited 2 branches of the dungeon, and saw 14 of its levels.
You also visited: Ossuary and Bailey.

You collected 1358 gold pieces.
You spent 856 gold pieces at shops.

Inventory:

Hand Weapons
 t - the +5 flail "Addacsit" (weapon) {freeze, rF+ Str+3}
   (You bought it in a shop on level 5 of the Dungeon)

   Str:       It affects your strength (+3).
   rF:        It protects you from fire.
Armour
 b - a +3 leather armour (worn)
 e - the +4 pair of gloves "Cokhlyr" (worn) {rN+ Regen+ Slay+2}
   (You bought it in a shop on level 3 of the Dungeon)

   Slay:      It affects your accuracy & damage with ranged weapons and melee
   (+2).
   rN:        It protects you from negative energy.
   Regen:     It increases your rate of health regeneration.
 f - a scarf of resistance (worn)
 v - the +8 tower shield of Wusun (worn) {rCorr}
   (You found it in a bailey)

   rCorr:     It protects you from acid and corrosion.
Jewellery
 j - a +4 ring of protection (left hand)
 k - a ring of protection from fire (right hand)
 z - a ring of resist corrosion
 C - a ring of protection from fire
 H - a ring of positive energy
 I - a ring of positive energy
 J - a ring of wizardry
Wands
 i - a wand of polymorph (13)
 p - a wand of flame (27)
 u - a wand of iceblast (12)
 A - a wand of mindburst (6)
 B - a wand of acid (6)
 D - a wand of paralysis (10)
 F - a wand of digging (5)
Scrolls
 a - 3 scrolls of magic mapping
 d - 3 scrolls of fog
 g - 2 scrolls of fear
 l - 4 scrolls of enchant armour
 o - 3 scrolls of blinking
 q - a scroll of amnesia
 s - 3 scrolls of summoning
 w - 3 scrolls of enchant weapon
 y - 5 scrolls of teleportation
 G - 5 scrolls of identify
Potions
 h - 4 potions of curing
 m - 4 potions of might
 n - 7 potions of haste
 r - 2 potions of heal wounds
 x - a potion of cancellation
 E - a potion of flight
 K - a potion of ambrosia
Miscellaneous
 c - a piece from Xom's chessboard (15/15) (quivered)


   Skills:
 + Level 10.2 Fighting
 + Level 9.2 Maces & Flails
 + Level 9.1 Armour
 + Level 9.0 Dodging
 * Level 9.7 Shields
 + Level 9.7 Evocations


You had 12 spell levels left.
You didn't know any spells.
Your spell library contained the following spells:

 Spells                   Type           Power      Damage    Failure   Level
 Kiss of Death            Conj/Necr      0%         2d5       96%         1
 Scorch                   Fire           0%         2d5       99%         2
 Wereblood                Tmut           0%         N/A       99%         2
 Confusing Touch          Hex            0%         N/A       100%        3
 Frozen Ramparts          Ice            0%         1d1       100%        3
 Hailstorm                Conj/Ice       0%         3d3       100%        3
 Ignite Poison            Fire/Tmut/Pois 0%         N/A       100%        3
 Mephitic Cloud           Conj/Pois/Air  0%         N/A       100%        3
 Spider Form              Tmut/Pois      0%         N/A       100%        3
 Dispel Undead            Necr           0%         3d6       100%        4
 Flame Wave               Conj/Fire      0%         2d4       100%        4
 Olgreb's Toxic Radiance  Pois           0%         N/A       100%        4
 Sticky Flame             Conj/Fire      0%         2d3       100%        4
 Freezing Cloud           Conj/Ice/Air   0%         6-21      100%        5
 Simulacrum               Ice/Necr       0%         N/A       100%        6
 Summon Cactus Giant      Summ           0%         N/A       100%        6
 Storm Form               Tmut/Air       0%         N/A       100%        7


Dungeon Overview and Level Annotations

Branches:
Dungeon (9/15)             Temple (0/1) D:6            Lair (5/5) D:9
  Swamp (0/4) Lair:2       Spider (0/4) Lair:3      Ossuary (visited)
 Bailey (visited)
  Slime: Lair:4-5       Orc: D:9-12

Altars:
Okawaru
Ru
Sif Muna
Xom

Shops:
D:3 [   D:4 *:[[=   D:5 (

Annotations:
Lair:4 3 runed translucent doors, Omooseq's ghost, journeyman BaHu


Innate Abilities, Weirdness & Mutations

You are mostly covered in large bone plates. (SH +6)
You may rarely emit foul miasma when damaged in melee.
You are powered by pain.
You have a tail ending in a sharp stinger.
You have a pair of small antennae on your head.
You have sharp toenails.
Your flesh is heat resistant. (rF+)
You occasionally shout uncontrollably at your foes.
You are very weak. (Str -4)
Your spells are a little harder to cast, but a little more powerful.
You expend magic power (3 MP) to strengthen your wands.
You passively dampen the noise of your surroundings.


Message History

You are confused.
The wolf bites you. The skyshark bites you.
The skyshark enters a blood-rage!
The skyshark closely misses you. The skyshark barely misses you.
The wolf closely misses you.
In your confused state, you trip and fall back down the stairs.
Xom is highly amused!
You feel sick.
The cane toad is no longer moving slowly.
The skyshark bites you!
The skyshark tail-slaps you but does no damage.
The skyshark tail-slaps you. The wolf bites you but does no damage.
The cane toad misses you.
Unknown command.
You feel very sick. The wolf closely misses you. The skyshark bites you!!
The skyshark tail-slaps you!
* * * LOW HITPOINT WARNING * * *
The skyshark tail-slaps you but does no damage.
The dream sheep bites you!
* * * LOW HITPOINT WARNING * * *
The cane toad stings you but does no damage.
The wolf barely misses you. The skyshark closely misses you.
The skyshark completely misses you. The skyshark tail-slaps you.
* * * LOW HITPOINT WARNING * * *
You climb upwards.
Level annotation: 3 runed translucent doors, Omooseq's ghost, journeyman BaHu You feel sick.
There is a stone staircase leading down here.
Unknown command.
You are too confused!
You feel much better.
You feel sick. The wolf bites you.
* * * LOW HITPOINT WARNING * * *
The cane toad stings you.
* * * LOW HITPOINT WARNING * * *
The dream sheep ruffles its wool and motes of dream dust sparkle, to no effect.
The skyshark bites you!!
* * * LOW HITPOINT WARNING * * *
The skyshark tail-slaps you!
You die...
Xom is highly amused!

.##......#.P#.#..##...#..# #..{
...#........#.#.###P..#...###..Z{
......................##.......##
.###...........####....###...###.
.#.###.#....#.######.#...#####...
...............#.##....†........#
..##..#.....................#....
#.##.##.....#..Y##...............
#####..###.#...#@##..P.##.#P###P#
#.#..# ##....hlF#.....#.### ###
##..P# #....#.......##.##
##..####...#.#..#.##....# ###
##..#P.........#.###.<.####..
##...............##.........
#...............#....##.#.#
##.....#....#P####.P..#####
#.....#.###### ###P##


You could see a skyshark (berserk), a cane toad, a wolf and a dream sheep.

Vanquished Creatures
  An entropy weaver (Lair:1)
  2 hydras
  A boulder beetle (Lair:2)
  A catoblepas (Lair:4)
  2 death yaks (Lair:4)
  The ghost of zenocrate the Martial Artist, a journeyman OpTm of Makhleb (Lair:2)
  2 skysharks (Lair:2)
  The ghost of Nacht the Destroyer, a novice DsEE of Vehumet (D:9)
  2 fire crabs (Lair:3)
  Pikel (D:5)
  3 elephants (Lair:4)
  A gargoyle (Bailey)
  3 rime drakes
  8 cane toads
  6 komodo dragons
  3 polar bears
  2 hornets
  19 blink frogs
  A culicivora (Lair:3)
  3 wyverns
  A vampire (Bailey)
  A wraith (D:8)
  29 yaks
  4 basilisks
  2 steam dragons
  Menkaure (D:6)
  8 water moccasins
  4 orc warriors
  3 black bears (D:9)
  3 sky beasts
  2 ogres
  A centaur (D:5)
  Blork the orc (D:6)
  A phantom (D:5)
  11 bullfrogs
  A kobold brigand (D:8)
  4 scorpions
  5 wights (D:8)
  5 killer bees
  7 vampire bats (Bailey)
  6 wolf zombies (Bailey)
  2 jellies
  An electric eel (Lair:3)
  4 hounds
  A quasit (D:6)
  3 centaur zombies (Ossuary)
  4 orc priests
  A gnoll bouda (D:7)
  6 iguanas
  5 hell rats (Lair:2)
  Natasha (thrice) (D:4)
  9 orc wizards
  6 mummies (Ossuary)
  7 adders
  12 gnolls
  2 shadow imps (D:6)
  4 white imps
  3 ufetubi (D:6)
  2 worms
  3 dart slugs
  30 orcs
  3 bats
  5 endoplasms
  2 giant cockroaches (D:4)
  8 goblins
  3 hobgoblins
  14 kobolds
  4 quokkas
  10 ball pythons
  3 frilled lizards
  4 hobgoblin zombies (Ossuary)
  22 orc zombies (Bailey)
  6 rats
355 creatures vanquished.

Vanquished Creatures (collateral kills)
  A death yak (Lair:4)
  A rime drake (Lair:2)
  3 blink frogs (Lair:2)
  An orc priest (D:3)
  A hell rat (Lair:2)
7 creatures vanquished.

Vanquished Creatures (others)
  A demonic plant (D:6)
  25 fungi
  38 plants
  2 withered plants (D:9)
66 creatures vanquished.

Grand Total: 428 creatures vanquished

Notes
Turn   | Place    | Note
-------+----------+-------------------------------------------
     0 | D:1      | qeuew the Demonspawn Chaos Knight began the quest for the
                  | Orb.
     0 | D:1      | Reached XP level 1. HP: 18/18 MP: 1/1
    34 | D:1      | Reached skill level 1 in Dodging
   116 | D:1      | Found a faded altar of an unknown god.
   133 | D:1      | XOM: silly message
   137 | D:1      | Gained mutation: You are partially covered in large bone
                  | plates. (SH +4) [demonic ancestry]
   137 | D:1      | Reached XP level 2. HP: 23/24 MP: 2/2
   878 | D:2      | Reached skill level 1 in Evocations
   878 | D:2      | Gained mutation: You have a small tail. [demonic ancestry]
   878 | D:2      | Reached XP level 3. HP: 29/29 MP: 3/3
  1514 | D:2      | Identified a scroll of acquirement
  1514 | D:2      | Acquired 567 gold pieces
  1519 | D:2      | Gained mutation: You expend magic power (3 MP) to
                  | strengthen your wands. [potion of mutation]
  1519 | D:2      | Gained mutation: Your flesh is heat resistant. (rF+)
                  | [potion of mutation]
  1519 | D:2      | Gained mutation: You have a pair of small horns on your
                  | head. [potion of mutation]
  1519 | D:2      | Gained mutation: You have sharp toenails. [potion of
                  | mutation]
  1567 | D:3      | Found Gaasem's Antique Armour Shoppe.
  1571 | D:3      | Bought a pair of polished gloves for 237 gold pieces
  1571 | D:3      | Identified the +4 pair of gloves "Cokhlyr" {rN+ Regen+
                  | Slay+2} (You bought it in a shop on level 3 of the Dungeon)
  1592 | D:3      | Gained mutation: You are mostly covered in large bone
                  | plates. (SH +6) [demonic ancestry]
  1592 | D:3      | Reached XP level 4. HP: 29/35 MP: 4/4
  1594 | D:3      | XOM: silly message
  1596 | D:3      | XOM: summons friendly shadow imp
  1649 | D:3      | Reached XP level 5. HP: 33/42 MP: 5/5
  1694 | D:3      | XOM: noise
  1780 | D:3      | Found a shimmering blue altar of Sif Muna.
  1847 | D:3      | Reached skill level 4 in Fighting
  1847 | D:3      | Gained mutation: You sometimes gain a little power by
                  | taking damage. [demonic ancestry]
  1847 | D:3      | Reached XP level 6. HP: 38/48 MP: 6/6
  2157 | D:3      | Found an iron altar of Okawaru.
  2166 | D:3      | Found a shimmering altar of Xom.
  2252 | D:4      | Noticed an orc warrior
  2254 | D:4      | Found Ynashroru's Book Shoppe.
  2265 | D:4      | XOM: enchant monster (bad)
  2274 | D:4      | Killed an orc warrior
  2343 | D:4      | Found Tujiosiq's General Store.
  2345 | D:4      | XOM: silly message
  2347 | D:4      | Reached XP level 7. HP: 48/55 MP: 7/7
  2403 | D:4      | XOM: silly message
  2485 | D:4      | Found Ythuoxe's Armour Shoppe.
  2548 | D:4      | Noticed Natasha
  2555 | D:4      | Killed Natasha
  2678 | D:4      | Noticed Natasha
  2685 | D:4      | Killed Natasha
  2739 | D:4      | Found Sihuguk's Antique Armour Shoppe.
  2749 | D:4      | Noticed Natasha
  2753 | D:4      | Killed Natasha
  2761 | D:4      | XOM: silly message
  2786 | D:4      | Found Tuviunnu's Jewellery Shoppe.
  2835 | D:5      | Entered Level 5 of the Dungeon
  3113 | D:5      | XOM: smoke on damage
  3153 | D:5      | XOM: god gift: Xom's Compendium of Kismet {god gift}
  3154 | D:5      | Got Xom's Compendium of Kismet {god gift}
  3191 | D:5      | Reached skill level 5 in Fighting
  3232 | D:5      | Found Uxkair's Weapon Shoppe.
  3235 | D:5      | Bought the +5 flail "Addacsit" {freeze, rF+ Str+3} for 619
                  | gold pieces
  3253 | D:5      | Reached XP level 8. HP: 62/62 MP: 8/8
  3332 | D:5      | Noticed Pikel
  3336 | D:5      | XOM: stat loss: -1 Str (17/18)
  3349 | D:5      | Killed Pikel
  3350 | D:5      | Reached skill level 5 in Maces & Flails
  3463 | D:6      | Noticed Menkaure
  3476 | D:6      | Killed Menkaure
  3703 | D:6      | Reached skill level 5 in Armour
  3703 | D:6      | Reached skill level 5 in Evocations
  3747 | D:6      | XOM: summons friendly white imp
  3754 | D:6      | Found a staircase to the Ecumenical Temple.
  3760 | D:6      | Reached skill level 6 in Fighting
  3760 | D:6      | Gained mutation: You have a tail ending in a sharp stinger.
                  | [demonic ancestry]
  3760 | D:6      | Reached XP level 9. HP: 69/69 MP: 9/9
  3982 | D:6      | XOM: 2-stop teleportation journey
  4027 | D:6      | XOM: give mutations
  4027 | D:6      | Lost mutation: You have a pair of small horns on your head.
                  | [Xom's mischief]
  4027 | D:6      | Gained mutation: Your body sometimes deteriorates upon
                  | taking damage. [Xom's mischief]
  4027 | D:6      | Gained mutation: Your body often deteriorates upon taking
                  | damage. [Xom's mischief]
  4118 | D:6      | XOM: divination: detect creatures
  4177 | D:6      | Noticed Blork the orc
  4182 | D:6      | Killed Blork the orc
  4342 | D:7      | XOM: silly message
  4399 | D:7      | Reached skill level 5 in Dodging
  4418 | D:7      | XOM: divination: detect creatures
  4470 | D:7      | XOM: divination: detect items
  4473 | D:7      | XOM: silly message
  4479 | D:7      | Found a sacrificial altar of Ru.
  4497 | D:7      | XOM: swap monsters
  4506 | D:7      | XOM: noise
  4816 | D:7      | XOM: stat loss: -1 Dex (13/15)
  4859 | D:7      | XOM: swap monsters
  5248 | D:8      | Found a flagged portal.
  5257 | Bailey   | Entered a bailey
  5294 | Bailey   | XOM: smoke on damage
  5300 | Bailey   | Identified the +8 tower shield of Wusun {rCorr}
  5395 | Bailey   | XOM: confusion
  5403 | Bailey   | XOM: potion effect (invisibility)
  5404 | Bailey   | XOM: potion effect (might)
  5411 | Bailey   | Reached skill level 1 in Shields
  5417 | Bailey   | XOM: divination: detect items
  5430 | Bailey   | Noticed a gargoyle
  5433 | Bailey   | Killed a gargoyle
  5434 | Bailey   | Reached skill level 7 in Fighting
  5463 | Bailey   | Identified the +3 leather armour of the Untouchables {Harm}
  5504 | Bailey   | Identified the +4 mace "Liurun" {drain, rN+ Will++}
  5506 | Bailey   | Got Sif Muna's Folio of Cankerous Changing
  5519 | Bailey   | XOM: silly message
  5524 | Bailey   | XOM: cast spell 'Olgreb's Toxic Radiance'
  5525 | Bailey   | Gained mutation: You may rarely emit foul miasma when
                  | damaged in melee. [demonic ancestry]
  5525 | Bailey   | Reached XP level 10. HP: 79/79 MP: 10/10
  5528 | Bailey   | XOM: noise
  5609 | D:8      | Found a sand-covered staircase.
  5618 | Ossuary  | Entered an ossuary
  5645 | Ossuary  | XOM: noise
  5669 | Ossuary  | XOM: divination: detect creatures
  5722 | D:8      | XOM: silly message
  5910 | D:8      | XOM: enchant monster (bad)
  6450 | D:9      | XOM: noise
  6501 | D:9      | XOM: cast spell 'Summon Small Mammal'
  6503 | D:9      | XOM: cast spell 'Cause Fear'
  6549 | D:9      | XOM: polymorph black bear -> rime drake
  6551 | D:9      | XOM: give mutations
  6551 | D:9      | Lost mutation: Your body often deteriorates upon taking
                  | damage. [Xom's mischief]
  6551 | D:9      | Gained mutation: You have hidden genetic defects. [Xom's
                  | mischief]
  6551 | D:9      | Gained mutation: You are weak. (Str -2) [Xom's mischief]
  6664 | D:9      | XOM: smoke on damage
  6698 | D:9      | Found a runed translucent door.
  6698 | D:9      | Noticed Nacht's ghost (novice DsEE)
  6843 | D:9      | Found a staircase to the Lair.
  6888 | D:9      | XOM: fog
  6890 | D:9      | Killed Nacht's ghost
  6891 | D:9      | Reached XP level 11. HP: 52/86 MP: 11/11
  6909 | D:9      | Gained mutation: You are clumsy. (Dex -2) [hidden defects]
  6910 | D:9      | Lost mutation: Your body sometimes deteriorates upon taking
                  | damage. [potion of mutation]
  6910 | D:9      | Lost mutation: You have hidden genetic defects. [potion of
                  | mutation]
  6910 | D:9      | Lost mutation: You expend magic power (3 MP) to strengthen
                  | your wands. [potion of mutation]
  6910 | D:9      | Gained mutation: You passively map a small area around you.
                  | [potion of mutation]
  6910 | D:9      | Gained mutation: You passively dampen the noise of your
                  | surroundings. [potion of mutation]
  6910 | D:9      | Gained mutation: Your flesh is very heat resistant. (rF++)
                  | [potion of mutation]
  6911 | D:9      | Lost mutation: You passively map a small area around you.
                  | [potion of mutation]
  6911 | D:9      | Lost mutation: Your flesh is very heat resistant. (rF++)
                  | [potion of mutation]
  6911 | D:9      | Lost mutation: You passively dampen the noise of your
                  | surroundings. [potion of mutation]
  6911 | D:9      | Lost mutation: You are clumsy. (Dex -2) [potion of
                  | mutation]
  6911 | D:9      | Gained mutation: Your spells are a little harder to cast,
                  | but a little more powerful. [potion of mutation]
  6911 | D:9      | Gained mutation: You expend magic power (3 MP) to
                  | strengthen your wands. [potion of mutation]
  6931 | D:9      | XOM: god gift: scroll of immolation
  6936 | Lair:1   | Entered Level 1 of the Lair of Beasts
  6942 | Lair:1   | XOM: fog
  6946 | Lair:1   | Reached skill level 5 in Shields
  6947 | Lair:1   | XOM: confusion (+ monsters)
  6961 | Lair:1   | Reached skill level 8 in Fighting
  6989 | Lair:1   | XOM: noise
  7000 | Lair:1   | XOM: 1-stop teleportation journey
  7012 | Lair:1   | a black mamba changed into an entropy weaver
  7012 | Lair:1   | Noticed an entropy weaver
  7012 | Lair:1   | XOM: polymorph black mamba -> entropy weaver
  7013 | Lair:1   | XOM: summons 7 friendly demons
  7016 | Lair:1   | XOM: blink monster(s)
  7031 | Lair:1   | Killed an entropy weaver
  7090 | Lair:1   | XOM: cleaving
  7160 | Lair:1   | Noticed a five-headed hydra
  7165 | Lair:1   | XOM: chaos cloud
  7172 | Lair:1   | Killed a five-headed hydra
  7332 | Lair:1   | XOM: enchant monster (bad)
  7337 | Lair:1   | XOM: silly message
  7434 | Lair:1   | XOM: silly message
  7499 | Lair:1   | XOM: silly message
  7778 | Lair:1   | XOM: cloud trail
  7952 | D:5      | XOM: give mutations
  7952 | D:5      | Gained mutation: You passively dampen the noise of your
                  | surroundings. [Xom's grace]
  7952 | D:5      | Gained mutation: You are strong-willed. (Will+) [Xom's
                  | grace]
  8027 | D:9      | XOM: scenery: summon butterflies
  8112 | Lair:2   | Found a runed translucent door.
  8121 | Lair:2   | XOM: summons friendly red devil
  8227 | Lair:2   | Found a staircase to the Swamp.
  8227 | Lair:2   | XOM: 4-stop teleportation journey
  8327 | Lair:2   | Noticed a boulder beetle
  8337 | Lair:2   | Killed a boulder beetle
  8406 | Lair:2   | XOM: noise
  8466 | Lair:2   | XOM: god gift: scroll of blinking
  8498 | Lair:2   | XOM: enchant monster (bad)
  8504 | Lair:2   | Noticed a skyshark
  8505 | Lair:2   | Noticed a skyshark
  8515 | Lair:2   | Killed a skyshark
  8516 | Lair:2   | Gained mutation: You sometimes gain power by taking damage.
                  | [demonic ancestry]
  8516 | Lair:2   | Reached XP level 12. HP: 30/94 MP: 12/12
  8521 | Lair:2   | XOM: blink monster(s)
  8608 | Lair:2   | XOM: scenery: summon butterflies
  8673 | Lair:2   | XOM: give mutations
  8673 | Lair:2   | Gained mutation: You have a pair of small antennae on your
                  | head. [Xom's grace]
  8673 | Lair:2   | Gained mutation: You have a pair of antennae on your head.
                  | [Xom's grace]
  8803 | Lair:2   | Noticed zenocrate's ghost (journeyman OpTm)
  8922 | Lair:2   | XOM: potion effect (experience)
  8922 | Lair:2   | Reached skill level 9 in Fighting
  8922 | Lair:2   | Gained mutation: You are powered by pain. [demonic
                  | ancestry]
  8922 | Lair:2   | Reached XP level 13. HP: 101/101 MP: 13/13
  8943 | Lair:2   | Killed zenocrate's ghost
  9010 | Lair:3   | XOM: confuse monster(s)
  9029 | Lair:3   | XOM: cleaving
  9182 | Lair:3   | XOM: confuse monster(s)
  9187 | Lair:3   | XOM: polymorph yak -> culicivora
  9188 | Lair:3   | XOM: enchant monster (bad)
  9198 | Lair:3   | XOM: potion effect (haste)
  9555 | Lair:3   | Found a hole to the Spider Nest.
  9902 | Lair:4   | XOM: smoke on damage
  9984 | Lair:4   | XOM: blink monster(s)
  9998 | Lair:4   | XOM: confusion
 10006 | Lair:4   | XOM: cast spell 'Discord'
 10008 | Lair:4   | Reached skill level 10 in Fighting
 10077 | Lair:4   | Noticed Omooseq's ghost (journeyman BaHu)
 10129 | Lair:4   | XOM: divination: detect items
 10135 | Lair:4   | XOM: enchant monster (bad)
 10337 | Lair:4   | XOM: enchant monster (good)
 10351 | Lair:4   | XOM: polymorph yak -> blink frog
 10354 | Lair:4   | XOM: summons 2 hostile shadow creatures
 10515 | Lair:4   | XOM: repel stairs
 10596 | Lair:4   | XOM: draining
 10684 | Lair:4   | Found a runed translucent gate.
 10684 | Lair:4   | Found a runed translucent gate.
 10684 | Lair:4   | Found a runed translucent gate.
 10900 | Lair:4   | XOM: give mutations
 10900 | Lair:4   | Lost mutation: You are strong-willed. (Will+) [Xom's
                  | mischief]
 10900 | Lair:4   | Gained mutation: You are very weak. (Str -4) [Xom's
                  | mischief]
 10900 | Lair:4   | Lost mutation: You have a pair of antennae on your head.
                  | [Xom's mischief]
 10900 | Lair:4   | Gained mutation: You occasionally shout uncontrollably at
                  | your foes. [Xom's mischief]
 10932 | Lair:5   | Entered Level 5 of the Lair of Beasts
 10940 | Lair:5   | XOM: confusion
 10944 | Lair:4   | HP: 1/97 [skyshark (26)]
 10944 | Lair:4   | Mangled by a skyshark

Illustrated notes

Levels and vault maps discovered:
D:1:      lightli_arrival_statue_moat, layout_loops_ring,
          hellmonk_ecumenical_altar_slurped_away
D:2:      layout_basic, minmay_misc_feat_plants
D:3:      layout_basic, mainiacjoe_overflow_swirl, mainiacjoe_overflow_24_doors,
          serial_shops, shop
D:4:      layout_loops_ring, serial_shops, kennysheep_mini, shop,
          nicolae_shop_stone, nicolae_shop_behind_doors, kennysheep_little_box,
          uniq_natasha
D:5:      layout_basic, serial_shops, kennysheep_mini_moat, uniq_pikel
D:6:      layout_layer_cave, nicolae_elyvilon_temple_path,
          minmay_temple_entry_mini_moons, serial_demonic, serial_demonic_g,
          serial_demonic_e, serial_demonic_f, serial_demonic_c,
          serial_demonic_c, uniq_blork_the_orc, uniq_menkaure
D:7:      layout_loops_corners, old_standard_altar
D:8:      layout_basic, enter_bailey_2, nicolae_ossuary_entry_monument,
          kennysheep_generic_room_11
D:9:      layout_rooms, grunt_lair_entry_orc_guard_hut, gammafunk_ghost_grave
Lair:1:   layout_regular_city
Lair:2:   layout_long_grid, swamp_mist, ebering_ghost_reflecting_pool
Lair:3:   layout_chaotic_city, dummy_spider_entry, serial_bayou_shore_b,
          grunt_megastairs_3, serial_bayou_shore_a
Lair:4:   layout_loops_ring, gammafunk_ghost_icy,
          chequers_serial_rivers_large_a, lookout_lair_type, uniq_rupert
Lair:5:   hangedman_lair_caniforms_friends, layout_regular_city,
          hangedman_lair_in_review, slime_entry_1

Skill      XL: |  1  2  3  4  5  6  7  8  9 10 11 12 13 |
---------------+----------------------------------------+-----
Dodging        | 1 2 3 4 5 6 7 8 9 |  9.0
Armour         | 2 3 4 5 6 7 8 9 |  9.1
Maces & Flails | 3 4 5 6 7 8 9 |  9.2
Evocations     | 1 2 3 4 5 6 7 8 9 |  9.7
Fighting       | 4 5 6 7 8 9 10 | 10.2
Shields        | 2 4 7 8 9 |  9.7

Action                     |  1- 3 |  4- 6 |  7- 9 | 10-12 | 13-15 || total
---------------------------+-------+-------+-------+-------+-------++-------
  Melee: Mace              |    97 |    92 |    75 |       |       ||   264
         Kick              |     1 |    31 |    76 |   134 |   117 ||   359
         Punch             |     1 |     1 |     6 |       |       ||     8
         Headbutt          |       |    16 |    20 |       |       ||    36
         Tailslap          |       |    10 |    38 |    80 |    59 ||   187
         Flail             |       |       |   212 |   381 |   299 ||   892
    Use: Scroll            |    12 |     3 |     7 |     1 |     1 ||    24
         Potion            |     2 |       |     4 |     7 |     2 ||    15
   Stab: Sleeping          |     1 |       |     2 |     1 |       ||     4
         Distracted        |       |     1 |     1 |       |       ||     2
         Invisible         |       |       |       |     1 |       ||     1
         Confused          |       |       |       |       |     4 ||     4
         Petrified         |       |       |       |       |     3 ||     3
 Armour: Leather armour    |    37 |    44 |   144 |   153 |    77 ||   455
  Dodge: Dodged            |    58 |    63 |   214 |   131 |   103 ||   569
  Block: Other             |    15 |    40 |    76 |       |       ||   131
         Tower shield      |       |       |   116 |   612 |   489 ||  1217

Table legend: (Time is in decaauts)
 A = Elapsed time spent in this place.
 B = Non-inter-level travel time spent in this place.
 C = Inter-level travel time spent in this place.
 D = Time resting spent in this place.
 E = Time spent auto-exploring this place.
 F = Levels seen in this place.
 G = Mean time per level.
                   A        B        C        D        E       F      G
               +--------+--------+--------+--------+--------+-----+--------+
         Total |  11315 |  10718 |    597 |    149 |   7894 |  16 |  707.2 |
       Dungeon |   6840 |   6364 |    476 |    149 |   4839 |   9 |  760.0 |
          Lair |   3980 |   3860 |    120 |      0 |   2846 |   5 |  796.0 |
       Ossuary |    118 |    118 |      0 |      0 |     45 |   1 |  118.0 |
        Bailey |    376 |    376 |      0 |      0 |    164 |   1 |  376.0 |
               +--------+--------+--------+--------+--------+-----+--------+

Top non-repeatable levels by time:
  Lair:4: 1110 daAuts
     D:7: 1003 daAuts
  Lair:1: 1002 daAuts
  Lair:2: 955 daAuts
  Lair:3: 899 daAuts
     D:1: 885 daAuts
     D:6: 818 daAuts
     D:9: 731 daAuts
     D:8: 717 daAuts
     D:2: 696 daAuts
     D:5: 679 daAuts
     D:3: 678 daAuts
     D:4: 629 daAuts
  Bailey: 376 daAuts
 Ossuary: 118 daAuts
